 Dungeon Crawl Stone Soup version 0.28.0-53-g5a82cb258f (webtiles) character file.

Game seed: 1077504900012913573

1772 LustLizard the Carver (level 9, -1/69 HPs)
             Began as a Gnoll Wanderer on Aug 22, 2022.
             Engulfed by a steam dragon's steam (6 damage)
             ... on level 6 of the Dungeon.
             The game lasted 00:16:48 (6666 turns).

LustLizard the Carver (Gnoll Wanderer)              Turns: 6666, Time: 00:16:49

Health: -1/69      AC: 11    Str: 13    XL:     9   Next: 7%
Magic:  14/14      EV: 11    Int: 10    God:
Gold:   219        SH:  6    Dex: 22    Spells: 15/15 levels left

rFire   . . .      SeeInvis .   a - +3 falchion
rCold   . . .      Faith    .   l - +0 buckler
rNeg    . . .      Spirit   .   v - +1 scale mail {Will+}
rPois   .          Reflect  .   u - +0 helmet
rElec   .          Harm     .   p - +0 cloak
rCorr   .          Rampage  .   z - +0 pair of gloves
Will    +....                   (no boots)
Stlth   ++........              (no amulet)
HPRegen 0.21/turn               j - +6 ring of dexterity
MPRegen 0.14/turn               (no ring)

@: no status effects
A: fangs 1, strong nose, distributed training
a: no special abilities


You were on level 6 of the Dungeon.
You visited 1 branch of the dungeon, and saw 6 of its levels.

You collected 219 gold pieces.

Inventory:

Hand Weapons
 a - a +3 falchion (weapon)
 c - a +0 dagger
Missiles
 b - 15 poisoned darts
 f - 102 stones (quivered)
Armour
 d - a +0 robe
 i - a +0 leather armour
 l - a +0 buckler (worn)
 p - a +0 cloak (worn)
 t - a +0 ring mail
 u - a +0 helmet (worn)
 v - a +1 scale mail of willpower (worn)
 z - a +0 pair of gloves (worn)
Jewellery
 j - a +6 ring of dexterity (left hand)
Wands
 r - a wand of digging (5)
Scrolls
 e - a scroll of fear {unknown}
 k - a scroll of torment
 m - 2 scrolls of enchant weapon {unknown}
 q - 2 scrolls of noise {unknown}
 s - a scroll of enchant armour {unknown}
 y - a scroll of summoning {unknown}
 A - a scroll of fog {unknown}
Potions
 g - 3 potions of curing
 n - a potion of mutation
 o - 2 potions of lignification
 w - a potion of invisibility {unknown}
 x - a potion of haste {unknown}
 B - a potion of might {unknown}


   Skills:
 + Level 6.1 Fighting
 + Level 3.9 Short Blades
 + Level 9.4 Long Blades
 + Level 3.9 Axes
 + Level 3.9 Maces & Flails
 + Level 3.9 Polearms
 + Level 3.9 Staves
 + Level 3.9 Slings
 + Level 3.9 Bows
 + Level 3.9 Crossbows
 + Level 7.7 Throwing
 + Level 3.9 Armour
 + Level 3.9 Dodging
 + Level 4.6 Stealth
 + Level 3.9 Shields
 + Level 3.9 Unarmed Combat
 + Level 3.9 Spellcasting
 + Level 3.2 Conjurations
 + Level 3.2 Hexes
 + Level 3.2 Summonings
 + Level 3.2 Necromancy
 + Level 3.2 Translocations
 + Level 3.2 Transmutations
 + Level 3.2 Fire Magic
 + Level 3.2 Ice Magic
 + Level 3.2 Air Magic
 + Level 3.2 Earth Magic
 + Level 3.2 Poison Magic
 + Level 4.2 Invocations
 + Level 3.9 Evocations


You had 15 spell levels left.
You didn't know any spells.
Your spell library contained the following spells:

 Spells                   Type           Power      Damage    Failure   Level
 Beastly Appendage        Tmut           16%        N/A       36%         1
 Pain                     Necr           32%        1d5       36%         1
 Wereblood                Tmut           8%         N/A       52%         2
 Spider Form              Tmut/Pois      8%         N/A       75%         3
 Agony                    Necr           8%         N/A       100%        5
 Excruciating Wounds      Necr           4%         N/A       100%        5


Dungeon Overview and Level Annotations

Branches:
Dungeon (6/15)
 Temple: D:4-7

Altars:


Innate Abilities, Weirdness & Mutations

You have very sharp teeth.
Your uncanny sense of smell can sniff out nearby items.
Your experience applies equally to all skills.


Message History

The steam dragon barely misses you. The steam dragon claws you.
You slash the steam dragon!
The steam dragon is heavily wounded.
You are engulfed in a cloud of scalding steam.
You block the steam dragon's attack. The steam dragon claws you.
You barely miss the steam dragon.
The steam dragon is heavily wounded.
You are engulfed in a cloud of scalding steam.
The steam dragon bites you but does no damage.
You block the steam dragon's attack.
You hit the steam dragon but do no damage.
The steam dragon is heavily wounded.
You are engulfed in a cloud of scalding steam.
The steam dragon bites you. The steam dragon misses you.
You barely miss the steam dragon. Your bite misses the steam dragon.
The steam dragon is heavily wounded.
The steam dragon breathes steam at you. The ball of steam hits you!
* * * LOW HITPOINT WARNING * * *
You hit the steam dragon.
The steam dragon is severely wounded.
You are engulfed in a cloud of scalding steam.
* * * LOW HITPOINT WARNING * * *
You hit the steam dragon.
The steam dragon is almost dead.
You are engulfed in a cloud of scalding steam.
* * * LOW HITPOINT WARNING * * *
You block the steam dragon's attack.
The steam dragon claws you but does no damage.
You hit the steam dragon but do no damage.
The steam dragon is almost dead.
You are engulfed in a cloud of scalding steam.
* * * LOW HITPOINT WARNING * * *
The steam dragon barely misses you.
The steam dragon claws you but does no damage.
You hit the steam dragon.
You bite the steam dragon, but do no damage.
The steam dragon is almost dead.
You are engulfed in a cloud of scalding steam.
You die...

.......#.##.###..
#.....###.>......
#.###..#.##...... #.
.#..## ####.
#.###.#.###.########
(......###.#........
.#.###.########
####D#..# #§.@....#
.....§....###
#####§###.# #. ..# #
####


You could see a steam dragon.

Vanquished Creatures
  Grinder (D:3)
  Eustachio (D:5)
  A sky beast (D:5)
  An orc warrior (D:5)
  2 ogres
  A kobold brigand (D:5)
  3 scorpions
  A centaur zombie (D:5)
  A bullfrog zombie (D:3)
  3 hounds
  2 jellies
  Crazy Yiuf (D:2)
  A bullfrog skeleton (D:4)
  3 orc priests (D:5)
  5 iguanas
  Terence (D:3)
  2 orc wizards (D:5)
  A hound zombie (D:5)
  A hound skeleton (D:5)
  Robin (D:3)
  3 gnolls
  4 adders
  2 shadow imps
  2 adder skeletons (D:4)
  A worm (D:2)
  4 dart slugs
  10 orcs
  15 endoplasms
  4 giant cockroaches
  14 goblins
  8 hobgoblins
  13 jackals
  11 kobolds
  6 quokkas
  8 ball pythons
  6 bats
  4 frilled lizards
  7 rats
155 creatures vanquished.

Notes
Turn   | Place    | Note
-------+----------+-------------------------------------------
     0 | D:1      | LustLizard the Gnoll Wanderer began the quest for the Orb.
     0 | D:1      | LustLizard set off with the following items: a +3 falchion,
                  | 12 poisoned darts, a +0 dagger, a +0 robe
     0 | D:1      | Reached XP level 1. HP: 20/20 MP: 1/1
   309 | D:1      | Reached XP level 2. HP: 17/26 MP: 2/2
   470 | D:1      | Found a faded altar of an unknown god.
   807 | D:1      | Reached XP level 3. HP: 31/31 MP: 3/3
   966 | D:1      | Reached skill level 1 in Invocations
  1186 | D:2      | Reached skill level 1 in Short Blades
  1186 | D:2      | Reached skill level 1 in Axes
  1186 | D:2      | Reached skill level 1 in Maces & Flails
  1186 | D:2      | Reached skill level 1 in Polearms
  1186 | D:2      | Reached skill level 1 in Staves
  1186 | D:2      | Reached skill level 1 in Slings
  1186 | D:2      | Reached skill level 1 in Bows
  1186 | D:2      | Reached skill level 1 in Crossbows
  1186 | D:2      | Reached skill level 1 in Armour
  1186 | D:2      | Reached skill level 1 in Dodging
  1186 | D:2      | Reached skill level 1 in Shields
  1186 | D:2      | Reached skill level 1 in Unarmed Combat
  1186 | D:2      | Reached skill level 1 in Spellcasting
  1186 | D:2      | Reached skill level 1 in Evocations
  1515 | D:2      | Reached XP level 4. HP: 33/38 MP: 5/5
  1768 | D:2      | Found a runed translucent door.
  1769 | D:2      | Noticed Crazy Yiuf
  1776 | D:2      | Killed Crazy Yiuf
  1777 | D:2      | Reached skill level 1 in Conjurations
  1777 | D:2      | Reached skill level 1 in Hexes
  1777 | D:2      | Reached skill level 1 in Summonings
  1777 | D:2      | Reached skill level 1 in Necromancy
  1777 | D:2      | Reached skill level 1 in Translocations
  1777 | D:2      | Reached skill level 1 in Transmutations
  1777 | D:2      | Reached skill level 1 in Fire Magic
  1777 | D:2      | Reached skill level 1 in Ice Magic
  1777 | D:2      | Reached skill level 1 in Air Magic
  1777 | D:2      | Reached skill level 1 in Earth Magic
  1777 | D:2      | Reached skill level 1 in Poison Magic
  2164 | D:2      | Reached XP level 5. HP: 41/43 MP: 6/6
  2406 | D:3      | Noticed Grinder
  2419 | D:3      | Paralysed by Grinder for 3 turns
  2430 | D:3      | Killed Grinder
  2431 | D:3      | Reached skill level 5 in Fighting
  2431 | D:3      | Reached XP level 6. HP: 38/51 MP: 7/9
  2827 | D:3      | Noticed Robin
  2848 | D:3      | Killed Robin
  2906 | D:3      | Noticed Terence
  2916 | D:3      | Killed Terence
  3093 | D:3      | Reached XP level 7. HP: 54/56 MP: 10/10
  3823 | D:4      | Reached skill level 9 in Long Blades
  4052 | D:5      | Entered Level 5 of the Dungeon
  4401 | D:5      | Reached XP level 8. HP: 47/63 MP: 12/12
  6062 | D:5      | Noticed Eustachio
  6293 | D:5      | Killed Eustachio
  6459 | D:6      | Reached XP level 9. HP: 68/69 MP: 14/14
  6666 | D:6      | Engulfed by a steam dragon's steam

Illustrated notes

Levels and vault maps discovered:
D:1:      saegor_arrival_simple_a, layout_loops_ring,
          ebering_ecumenical_altar_box
D:2:      layout_rooms, uniq_crazy_yiuf_cottage
D:3:      layout_loops_corners, uniq_robin, uniq_terence, uniq_grinder
D:4:      kennysheep_big_flooded_room, layout_basic, st_stairs_8
D:5:      layout_gridville, uniq_eustachio
D:6:      layout_loops_ring, ebering_ghost_disaster_area

Skill      XL: |  1  2  3  4  5  6  7  8 |
---------------+-------------------------+-----
Invocations    | 1 2 3 4 |  4.2
Short Blades   | 1 2 3 |  3.9
Axes           | 1 2 3 |  3.9
Maces & Flails | 1 2 3 |  3.9
Polearms       | 1 2 3 |  3.9
Staves         | 1 2 3 |  3.9
Slings         | 1 2 3 |  3.9
Bows           | 1 2 3 |  3.9
Crossbows      | 1 2 3 |  3.9
Armour         | 1 2 3 |  3.9
Dodging        | 1 2 3 |  3.9
Shields        | 1 2 3 |  3.9
Unarmed Combat | 1 2 3 |  3.9
Spellcasting   | 1 2 3 |  3.9
Evocations     | 1 2 3 |  3.9
Conjurations   | 1 2 3 |  3.2
Hexes          | 1 2 3 |  3.2
Summonings     | 1 2 3 |  3.2
Necromancy     | 1 2 3 |  3.2
Translocations | 1 2 3 |  3.2
Transmutations | 1 2 3 |  3.2
Fire Magic     | 1 2 3 |  3.2
Ice Magic      | 1 2 3 |  3.2
Air Magic      | 1 2 3 |  3.2
Earth Magic    | 1 2 3 |  3.2
Poison Magic   | 1 2 3 |  3.2
Fighting       | 5 6 |  6.1
Stealth        | 3 4 |  4.6
Throwing       | 7 |  7.7
Long Blades    | 9 |  9.4

Action                   |  1- 3 |  4- 6 |  7- 9 || total
-------------------------+-------+-------+-------++-------
Melee: Falchion          |   113 |    85 |   231 ||   429
       Bite              |     7 |    11 |    30 ||    48
       Punch             |     3 |     1 |     6 ||    10
Throw: Stone             |       |    37 |   194 ||   231
       Dart              |       |     7 |    21 ||    28
  Use: Scroll            |       |       |     7 ||     7
 Stab: Sleeping          |     6 |     6 |     1 ||    13
       Distracted        |       |     1 |     1 ||     2
Armor: Robe              |    19 |       |       ||    19
       Leather armour    |    15 |     8 |       ||    23
       Ring mail         |       |     8 |       ||     8
       Scale mail        |       |     1 |   122 ||   123
Dodge: Dodged            |    65 |    24 |   121 ||   210
Block: Buckler           |       |       |    56 ||    56
